[Event "Titled Tuesday Blitz December 20 Early 2022"]
[White "AwareIdea"]
[Black "Haimov, Elchanan"]
[BlackFideId "2835916"]
[WhiteElo "2513"]
[BlackElo "1707"]
[Result "0-1"]
[Round "06"]
[TimeControl "180+2"]
[Date "2022.12.20"]
[WhiteClock "0:00:10"]
[BlackClock "0:00:14"]

1. d4 Nf6 2. c4 e6 3. g3 Bb4+ 4. Bd2 Bxd2+ 5. Qxd2 O-O 6. Bg2 d5 7. Qc2 b6 8. Nf3 Ba6 9. Ne5 Nbd7 10. O-O Nxe5 11. dxe5 Ng4 12. cxd5 exd5 13. Qa4 Bxe2 14. Re1 Qg5 15. h4 Qxe5 16. Nc3 b5 17. Qxg4 Bxg4 18. Rxe5 c6 19. Rc1 Rfe8 20. Rxe8+ Rxe8 21. f3 Bd7 22. Kf2 f6 23. Ne2 Rc8 24. Rc5 Kf7 25. Nd4 Ke7 26. f4 a5 27. Nb3 a4 28. Nd4 Kd6 29. b4 axb3 30. Nxb3 Ra8 31. Rc2 Bf5 32. Rd2 Ra4 33. Nd4 Bd7 34. h5 c5 35. Nxb5+ Bxb5 36. Rxd5+ Kc6 37. Rg5+ Kb6 38. Rxg7 Rxa2+ 39. Kg1 Bd3 40. Rf7 c4 41. Rxf6+ Kc5 42. Rf8 c3 43. Rc8+ Kd4 44. Bf1 Ra1 45. Rd8+ Ke4 46. Re8+ Kf3 47. Rc8 Rxf1+ 48. Kh2 Rf2+ 49. Kh3 Bf5+ 50. Kh4 Bxc8 0-1


[Site "https://www.chess.com"]

[Event "Titled Tuesday Blitz December 20 Early 2022"]
[White "Aza, Saulo"]
[Black "Alexei_Gubajdullin"]
[WhiteFideId "4410394"]
[WhiteElo "1667"]
[BlackElo "2625"]
[Result "1-0"]
[Round "06"]
[TimeControl "180+2"]
[Date "2022.12.20"]
[WhiteClock "0:00:46"]
[BlackClock "0:00:54"]

1. d4 Nf6 2. c4 g6 3. Nc3 Bg7 4. e4 d6 5. Nf3 O-O 6. Be2 Na6 7. O-O c5 8. Re1 Bg4 9. d5 e6 10. h3 Bxf3 11. Bxf3 exd5 12. exd5 Nd7 13. Bf4 Be5 14. Bh6 Re8 15. Bg4 Nb6 16. Be2 Qh4 17. Qd2 Nxc4 18. Bxc4 Qxc4 19. Re4 Bxc3 20. Rxe8+ Rxe8 21. bxc3 Nc7 22. Re1 f5 23. Rxe8+ Nxe8 24. Qg5 Qxd5 25. Qd8 Qf7 26. c4 b6 27. a4 Qe6 28. f4 Kf7 29. Kh2 Qe7 30. Qa8 Kf6 31. Bg5+ Ke6 32. Bxe7 Kxe7 33. Qxa7+ 1-0


[Site "https://www.chess.com"]

[Event "Titled Tuesday Blitz December 20 Early 2022"]
[White "Balasch Peries, Eduard"]
[Black "Jacomet Rodriguez, Josep-M."]
[WhiteFideId "32067372"]
[BlackFideId "54509815"]
[WhiteElo "1671"]
[BlackElo "3034"]
[Result "0-1"]
[Round "06"]
[TimeControl "180+2"]
[Date "2022.12.20"]
[WhiteClock "0:00:01"]
[BlackClock "0:02:00"]

1. d4 Nf6 2. c4 e6 3. Nc3 Bb4 4. e3 O-O 5. Bd3 d5 6. Ne2 dxc4 7. Bxc4 c5 8. a3 Bxc3+ 9. Nxc3 cxd4 10. exd4 Nc6 11. Be3 b6 12. O-O Bb7 13. Bd3 h6 14. Bc2 Rc8 15. Qd3 Ne7 16. Bf4 Ng6 17. Bg3 Nh5 18. Rad1 Bxg2 19. Rfe1 Bb7 20. Re5 Nf6 21. Ree1 Re8 22. Bb3 Nd5 23. Nb5 Ndf4 24. Bxf4 Nxf4 25. Qg3 Nh5 26. Qg4 a6 27. Qxh5 axb5 28. Qxb5 Qh4 29. Re3 Qg4+ 30. Rg3 Qe4 31. d5 exd5 32. Bxd5 Qf5 33. Qd3 Qxd3 34. Rdxd3 Ba6 35. Rd1 Rcd8 36. b4 Bc4 0-1


[Site "https://www.chess.com"]

[Event "Titled Tuesday Blitz December 20 Early 2022"]
[White "Ball, John D L"]
[Black "Willychess95"]
[WhiteFideId "402150"]
[WhiteElo "2230"]
[BlackElo "2661"]
[Result "0-1"]
[Round "06"]
[TimeControl "180+2"]
[Date "2022.12.20"]
[WhiteClock "0:00:04"]
[BlackClock "0:00:09"]

1. e4 c5 2. Nf3 d6 3. Nc3 Nf6 4. d4 cxd4 5. Qxd4 a6 6. e5 Nc6 7. Qa4 dxe5 8. Nxe5 Bd7 9. Nxd7 Qxd7 10. Be3 e6 11. Rd1 Qc8 12. g3 Bb4 13. Bg2 O-O 14. O-O Bxc3 15. bxc3 Rd8 16. c4 Qc7 17. Bf4 e5 18. Bg5 Rd6 19. c5 Rdd8 20. c3 Rxd1 21. Rxd1 Rd8 22. Rxd8+ Nxd8 23. Qc4 h6 24. Bxf6 gxf6 25. Qg4+ Kf8 26. Qh4 Kg7 27. Qg4+ Kf8 28. Qh4 Kg7 29. Be4 Qxc5 30. Qg4+ Kf8 31. Qh4 Ke7 32. Qxh6 Qxc3 33. Kg2 Ne6 34. h4 b5 35. h5 Ng5 36. Bb7 Qc7 37. Bf3 e4 38. Bg4 Qc2 39. Kg1 Qc1+ 40. Kg2 Qd2 41. Qh8 e3 42. Qb8 Qxf2+ 43. Kh1 Qe1+ 44. Kg2 Qf2+ 45. Kh1 e2 46. Qc7+ Kf8 47. Bxe2 Qe1+ 48. Kg2 Qxe2+ 49. Kh1 Nf3 50. g4 Qf1# 0-1


[Site "https://www.chess.com"]

[Event "Titled Tuesday Blitz December 20 Early 2022"]
[White "Battlecruiser_Operational"]
[Black "Dela Cruz, Noel"]
[BlackFideId "5207649"]
[WhiteElo "2428"]
[BlackElo "2241"]
[Result "0-1"]
[Round "06"]
[TimeControl "180+2"]
[Date "2022.12.20"]
[WhiteClock "0:00:02"]
[BlackClock "0:00:51"]

1. d4 f5 2. g3 Nf6 3. Bg2 g6 4. Nh3 Bg7 5. c3 Nc6 6. O-O O-O 7. a4 d6 8. a5 a6 9. Qb3+ Kh8 10. Ng5 d5 11. Bf4 Ne4 12. f3 Nxg5 13. Bxg5 h6 14. Bd2 e5 15. dxe5 Nxe5 16. Be3 c6 17. Nd2 Qe7 18. Bf2 Be6 19. Qa3 Qd7 20. Bc5 Rf7 21. Rad1 Re8 22. e4 f4 23. Bd4 Kh7 24. g4 g5 25. h3 Qc7 26. Rfe1 Rfe7 27. exd5 Bxd5 28. Ne4 Nc4 29. Qc5 Qxa5 30. Qxa5 Nxa5 31. Bxg7 Kxg7 32. Rd4 Nb3 33. Rdd1 Bxe4 34. fxe4 Nc5 35. e5 Rxe5 36. Rxe5 Rxe5 37. b4 Na4 38. Rd7+ Kf6 39. Rxb7 Nxc3 40. Bxc6 Re1+ 41. Kf2 Re2+ 42. Kf1 Re3 43. Rb6 Ke5 44. Bg2 f3 45. Kf2 fxg2 46. Kxe3 g1=Q+ 47. Kd3 Qxb6 0-1


[Site "https://www.chess.com"]

[Event "Titled Tuesday Blitz December 20 Early 2022"]
[White "Beca, Rodrigo Martins"]
[Black "AttilaTurzo"]
[WhiteFideId "1954490"]
[WhiteElo "2976"]
[BlackElo "2578"]
[Result "1-0"]
[Round "06"]
[TimeControl "180+2"]
[Date "2022.12.20"]
[WhiteClock "0:00:53"]
[BlackClock "0:00:02"]

1. e4 c5 2. Nc3 Nc6 3. Bb5 Nd4 4. Nf3 e6 5. Bd3 Nc6 6. O-O Nf6 7. e5 Ng4 8. Re1 d6 9. Bb5 Bd7 10. exd6 Bxd6 11. Ne4 Be7 12. h3 Nf6 13. d3 O-O 14. Ng3 a6 15. Bxc6 Bxc6 16. Ne5 Rc8 17. Nxc6 Rxc6 18. b3 Nd5 19. Bb2 Bf6 20. Bxf6 Nxf6 21. Qf3 Qd5 22. Ne4 Nd7 23. Qg3 h6 24. a4 b6 25. Nd2 e5 26. Nc4 Re6 27. Ne3 Qc6 28. Nf5 g5 29. Re3 Kh7 30. Rae1 f6 31. Qg4 Kg6 32. Nh4+ Kg7 33. Rg3 Qd6 34. Nf5+ 1-0


[Site "https://www.chess.com"]

[Event "Titled Tuesday Blitz December 20 Early 2022"]
[White "Begmuratov, Khumoyun"]
[Black "Alphafischer2019"]
[WhiteFideId "14210207"]
[WhiteElo "2387"]
[BlackElo "2543"]
[Result "0-1"]
[Round "06"]
[TimeControl "180+2"]
[Date "2022.12.20"]
[WhiteClock "0:00:04"]
[BlackClock "0:00:06"]

1. e4 c5 2. Nc3 Nc6 3. Bb5 Nd4 4. Nf3 g6 5. Nxd4 cxd4 6. Ne2 Bg7 7. c3 dxc3 8. dxc3 Nf6 9. Bd3 O-O 10. O-O d6 11. c4 Nd7 12. Rb1 b6 13. b3 Bb7 14. Bb2 Bxb2 15. Rxb2 Nc5 16. Nc3 e6 17. Rd2 Qf6 18. Qc2 Rfd8 19. Be2 a6 20. b4 Nd7 21. Rxd6 Rac8 22. Rfd1 Ne5 23. c5 bxc5 24. bxc5 Rxd6 25. cxd6 Nd7 26. Qb3 Ba8 27. Na4 Bxe4 28. Bxa6 Bc2 29. Qb5 Bxd1 30. Bxc8 Bxa4 31. Qb1 Qd4 32. Bxd7 Bxd7 33. Qb8+ Kg7 34. h3 Qa1+ 35. Kh2 Qe5+ 36. Kg1 Qe1+ 37. Kh2 Qxf2 38. Qc7 Qf4+ 39. Kg1 Qd4+ 40. Kh2 Qa4 41. Qc3+ f6 42. Qc7 Qc6 43. Qb8 g5 44. h4 gxh4 45. Qb4 e5 46. a3 h3 47. gxh3 Qc2+ 48. Kg3 Qd3+ 49. Kf2 Qxh3 50. a4 Qh2+ 51. Ke1 Qg1+ 52. Ke2 Qh2+ 53. Ke1 Qf4 54. Qb7 Qxa4 55. Qg2+ Kf7 56. Qd5+ Be6 57. Qb7+ Qd7 58. Qb4 f5 59. Qb6 e4 60. Kf2 Bd5 61. Qc5 Ke6 62. Qe3 Qxd6 63. Qh6+ Kd7 64. Qxh7+ Kc6 65. Qh8 Qd7 66. Qc3+ Kd6 67. Qb4+ Ke6 68. Qb6+ Bc6 69. Qb4 Qd5 70. Qf8 Qd2+ 71. Kg3 Qg5+ 72. Kh2 e3 73. Qc8+ Bd7 74. Qc4+ Kf6 75. Qd4+ Ke7 76. Qc5+ Ke6 77. Qc4+ Kf6 78. Qd4+ Ke7 79. Qc5+ Kf7 80. Qd5+ Be6 81. Qb7+ Kf6 82. Qb2+ Kg6 83. Qe5 Qh4+ 84. Kg1 Qf2+ 85. Kh1 Qh4+ 86. Kg1 Qe4 87. Qg3+ Qg4 88. Kh1 Bd5+ 89. Kh2 Qxg3+ 90. Kxg3 0-1


[Site "https://www.chess.com"]

[Event "Titled Tuesday Blitz December 20 Early 2022"]
[White "Benamar, Benious"]
[Black "Skoularikis, Fotios"]
[WhiteFideId "45118841"]
[BlackFideId "4200500"]
[WhiteElo "1136"]
[BlackElo "2223"]
[Result "1-0"]
[Round "06"]
[TimeControl "180+2"]
[Date "2022.12.20"]
[WhiteClock "0:00:36"]
[BlackClock "0:00:35"]

1. d4 Nf6 2. Nf3 d5 3. Bf4 Bf5 4. c4 c6 5. e3 e6 6. Nc3 Nbd7 7. Qb3 Qb6 8. c5 Qxb3 9. axb3 Nh5 10. Be5 f6 11. Bc7 Rc8 12. Bd6 Bxd6 13. cxd6 g5 14. Rxa7 Rb8 15. b4 Kf7 16. Be2 Ng7 17. Na4 Ra8 18. Rxb7 Rxa4 19. Rxd7+ Kg6 20. h4 Rxb4 21. hxg5 Rxb2 22. gxf6 Kxf6 23. g4 Rb1+ 24. Bd1 Be4 25. g5+ Kf5 26. Rf7+ Kg6 27. Rf6# 1-0


[Site "https://www.chess.com"]

[Event "Titled Tuesday Blitz December 20 Early 2022"]
[White "BetonCarlsen"]
[Black "Shockerlover"]
[WhiteElo "2216"]
[BlackElo "1948"]
[Result "1-0"]
[Round "06"]
[TimeControl "180+2"]
[Date "2022.12.20"]
[WhiteClock "0:01:02"]
[BlackClock "0:00:01"]

1. d4 b6 2. e4 Bb7 3. Bd3 g6 4. Nf3 Bg7 5. O-O d6 6. Re1 e6 7. Nc3 Ne7 8. Ne2 O-O 9. Ng3 c5 10. c3 Nbc6 11. Be3 cxd4 12. cxd4 e5 13. d5 Nb4 14. Bb1 Na6 15. a3 Rc8 16. h4 Nc5 17. b4 Nd7 18. h5 Nf6 19. Bd3 Ng4 20. Bd2 Qd7 21. hxg6 fxg6 22. Rc1 Rf7 23. Qe2 Rcf8 24. Rf1 Kh8 25. Be1 Ng8 26. Ng5 Rf4 27. Ne6 Qe7 28. Nxf4 Rxf4 29. Bd2 Qh4 30. Rfd1 Qh2+ 31. Kf1 Qxg3 32. Bxf4 Qxf4 33. g3 Qf6 34. Qxg4 Bh6 35. Rc7 Ba6 36. Bxa6 1-0


[Site "https://www.chess.com"]

[Event "Titled Tuesday Blitz December 20 Early 2022"]
[White "BlueWizzard"]
[Black "Hasangatin_Ramil"]
[WhiteElo "2862"]
[BlackElo "2705"]
[Result "0-1"]
[Round "06"]
[TimeControl "180+2"]
[Date "2022.12.20"]
[WhiteClock "0:00:25"]
[BlackClock "0:00:06"]

1. d4 d6 2. Nc3 e5 3. Nf3 Nd7 4. g4 exd4 5. Qxd4 Ne7 6. Bf4 Nc6 7. Qd2 Nde5 8. h3 Nxf3+ 9. exf3 Ne5 10. O-O-O Be7 11. Bg3 O-O 12. f4 Nd7 13. Kb1 Bh4 14. Bxh4 Qxh4 15. Nd5 c6 16. Nc7 Rb8 17. Qxd6 Qxf2 18. Bc4 Qc5 19. Bb3 Qxd6 20. Rxd6 Nc5 21. Re1 h5 22. f5 Bd7 23. Re5 b6 24. f6 Rbc8 25. Rg5 Rxc7 26. Rxg7+ Kh8 27. gxh5 Nxb3 28. axb3 Bf5 29. Kc1 c5 30. Rg5 Rd7 31. Rxd7 Bxd7 32. Rg7 Be6 33. Kd2 Rd8+ 34. Ke3 Rd5 35. h6 Rh5 36. h7 Rxh7 37. Rg2 Rxh3+ 38. Kf4 Rh6 39. Ke5 Rh5+ 40. Kd6 Kh7 41. Ke7 Kh6 42. Re2 Rf5 43. Rg2 Rg5 44. Rh2+ Kg6 45. Rh8 Kf5 46. Ra8 a5 47. Ra6 Rg2 48. Rxb6 Rxc2 49. Rb5 Rxb2 50. Rxc5+ Kg6 51. Rxa5 Rxb3 52. Ra4 Rb7+ 53. Kd6 Kxf6 54. Rf4+ Kg5 55. Rf1 Rd7+ 56. Kc6 Rd5 57. Re1 Rf5 58. Rg1+ Kf6 59. Re1 Rf4 60. Kd6 Kf5 61. Re5+ Kf6 62. Re1 Rd4+ 63. Kc5 Rd2 64. Kb4 Ke7 65. Kc3 Rd6 66. Kb4 f5 67. Kc5 Rd5+ 68. Kc6 Kf6 69. Rh1 f4 70. Rh6+ Ke5 71. Rh5+ Bf5 72. Rh6 Rd4 73. Kc5 Rd2 74. Rh8 f3 75. Rd8 Rxd8 0-1


[Site "https://www.chess.com"]

[Event "Titled Tuesday Blitz December 20 Early 2022"]
[White "Borges Matos, Juan"]
[Black "Dadic, Ivan"]
[WhiteFideId "3500160"]
[BlackFideId "14531364"]
[WhiteElo "2409"]
[BlackElo "2080"]
[Result "1-0"]
[Round "06"]
[TimeControl "180+2"]
[Date "2022.12.20"]
[WhiteClock "0:00:04"]
[BlackClock "0:00:03"]

1. d4 Nf6 2. c4 g6 3. Nf3 Bg7 4. g3 O-O 5. Bg2 c6 6. O-O d5 7. b3 dxc4 8. bxc4 c5 9. Bb2 Nc6 10. d5 Na5 11. Nbd2 e6 12. e4 exd5 13. cxd5 Re8 14. Re1 b6 15. Qc2 Ba6 16. Rad1 Rc8 17. e5 Nxd5 18. Ne4 Nb4 19. Qa4 Qc7 20. Nd6 Red8 21. Nxc8 Bxc8 22. Rxd8+ Qxd8 23. Rd1 Qf8 24. Ng5 h6 25. Ne4 Be6 26. Nf6+ Bxf6 27. exf6 Bxa2 28. Qa3 Be6 29. Qe3 Nc4 30. Qc1 Na2 31. Qa1 Nb4 32. Bc3 a5 33. Qc1 Na2 34. Qa1 Nxc3 35. Qxc3 a4 36. Bc6 a3 37. Bb5 Na5 38. Qxa3 h5 39. Qd3 Qh6 40. Qd8+ Kh7 41. Qe8 c4 42. Qe7 c3 43. Bd3 Nc6 44. Qc7 Nd4 45. Qxc3 Nf3+ 46. Kg2 Qg5 47. Be4 Nh4+ 48. Kf1 Nf5 49. Bxf5 Bxf5 50. Qd4 Bh3+ 51. Kg1 b5 52. Qf4 Qxf4 53. gxf4 Be6 54. Rb1 Bc4 55. f3 g5 56. fxg5 Kg6 57. f4 Kf5 58. Kf2 Kxf4 59. h4 Kf5 60. Ke3 Kg4 61. Kd4 Kxh4 62. Rxb5 1-0


[Site "https://www.chess.com"]

[Event "Titled Tuesday Blitz December 20 Early 2022"]
[White "Boudreaux, Floyd"]
[Black "Ibarra Jerez, Jose Carlos"]
[WhiteFideId "2016370"]
[BlackFideId "2226332"]
[WhiteElo "2088"]
[BlackElo "2563"]
[Result "0-1"]
[Round "06"]
[TimeControl "180+2"]
[Date "2022.12.20"]
[WhiteClock "0:00:02"]
[BlackClock "0:00:27"]

1. e4 c5 2. Nf3 Nc6 3. d4 cxd4 4. Nxd4 e5 5. Nb5 d6 6. c4 g6 7. Be2 a6 8. N5c3 Bg7 9. O-O Nge7 10. Be3 O-O 11. Nd5 f5 12. Bb6 Qd7 13. Nbc3 Nd4 14. Nxe7+ Qxe7 15. Nd5 Qf7 16. Bd3 Ne6 17. exf5 gxf5 18. Bxf5 Kh8 19. Bc2 Nf4 20. Nxf4 Qxf4 21. Qh5 Bf5 22. Be3 Qg4 23. Qxg4 Bxg4 24. Be4 Be2 25. Rfc1 Rab8 26. f3 b5 27. cxb5 Rxb5 28. Rc2 d5 29. Rxe2 dxe4 30. fxe4 Rc8 31. Rf1 Kg8 32. g3 Rc4 33. Bf2 Bf8 34. b3 Rc3 35. Rd1 Rc7 36. Rd5 Kf7 37. Red2 Ke6 38. Kg2 Bb4 39. R2d3 Rc2 40. Kf3 Rb7 41. Be3 Rxa2 42. h4 h5 43. g4 Rf7+ 44. Kg3 Be1+ 45. Kh3 Rf3# 0-1


[Site "https://www.chess.com"]

[Event "Titled Tuesday Blitz December 20 Early 2022"]
[White "Butterfly"]
[Black "nikitakhoroshev"]
[WhiteElo "2536"]
[BlackElo "2709"]
[Result "0-1"]
[Round "06"]
[TimeControl "180+2"]
[Date "2022.12.20"]
[WhiteClock "0:00:13"]
[BlackClock "0:00:34"]

1. e4 e6 2. d4 d5 3. exd5 exd5 4. Bd3 Nc6 5. c3 Bd6 6. Qf3 Be6 7. h3 Qf6 8. Qxf6 Nxf6 9. Ne2 h6 10. Bf4 O-O-O 11. Nd2 Rhe8 12. O-O Bf8 13. f3 Ne7 14. g4 g5 15. Bg3 h5 16. Rae1 Ng6 17. Nc1 Bd7 18. Ncb3 Bd6 19. Bxd6 cxd6 20. Bxg6 fxg6 21. Nc1 Bb5 22. Rxe8 Rxe8 23. Rd1 Nd7 24. Nf1 Nf8 25. f4 gxf4 26. Kf2 Nh7 27. gxh5 gxh5 28. Nd3 Bxd3 29. Rxd3 Ng5 30. h4 Ne4+ 31. Kf3 Rf8 32. Nd2 Ng3 33. c4 Nf5 34. cxd5 Nxh4+ 35. Kf2 Kd7 36. Rb3 b6 37. Rh3 Nf5 38. Rxh5 Rf7 39. Nf3 Ne3 40. Ng5 Re7 41. Ne6 Rf7 42. Kf3 Nxd5 43. Ng5 Re7 44. Ne4 Kc6 45. Rh6 Rd7 46. Nf6 Rf7 47. Ne4 Rd7 48. Nf6 Nxf6 49. Rxf6 Kd5 50. Rxf4 Rc7 51. Ke3 Rc2 52. Kd3 Rxb2 53. Rf5+ Kc6 54. a4 Ra2 55. a5 Rxa5 56. Rf7 Ra3+ 57. Kc2 0-1


[Site "https://www.chess.com"]

[Event "Titled Tuesday Blitz December 20 Early 2022"]
[White "Cag, Ceyda"]
[Black "Nenezic, Marko"]
[WhiteFideId "34571477"]
[BlackFideId "912123"]
[WhiteElo "2157"]
[BlackElo "2514"]
[Result "1/2-1/2"]
[Round "06"]
[TimeControl "180+2"]
[Date "2022.12.20"]
[WhiteClock "0:00:04"]
[BlackClock "0:00:10"]

1. e4 e6 2. Nf3 d5 3. Nc3 Nf6 4. e5 Nfd7 5. d4 c5 6. Bg5 Be7 7. Bxe7 Qxe7 8. Nb5 O-O 9. Nc7 cxd4 10. Nxd4 Qb4+ 11. Qd2 Qxb2 12. Rd1 Nxe5 13. Nxa8 Nbc6 14. Nxc6 Nxc6 15. Nc7 Qe5+ 16. Be2 Qxc7 17. O-O Bd7 18. c4 d4 19. Bd3 e5 20. Be4 Be6 21. Bd5 Bxd5 22. cxd5 Ne7 23. Rc1 Qd6 24. Qa5 Nxd5 25. Qxa7 Nf4 26. Rb1 Qd5 27. Qxb7 Qxa2 28. Rb2 Qe6 29. Qe4 Qg6 30. Qxg6 hxg6 31. Re1 Nd3 32. Rbe2 Nxe1 33. Rxe1 f6 34. f4 Re8 35. fxe5 fxe5 36. Kf2 e4 37. Kg3 e3 38. Kf3 Kf7 39. Ke2 Ke6 40. Kd3 Ke5 41. Ra1 Kf4 42. Rf1+ Kg4 43. Kxd4 e2 44. Re1 Kf4 45. Kd3 Rd8+ 46. Kxe2 Re8+ 47. Kf2 Rxe1 48. Kxe1 Ke3 49. Kf1 g5 50. Ke1 g6 51. Kf1 g4 52. Ke1 Kf4 53. Kf2 g3+ 54. hxg3+ Kg4 55. Kg1 Kxg3 56. Kf1 g5 57. Kg1 g4 58. Kf1 Kh2 59. Kf2 Kh1 60. Kg3 Kg1 61. Kxg4 Kxg2 1/2-1/2


[Site "https://www.chess.com"]

[Event "Titled Tuesday Blitz December 20 Early 2022"]
[White "Canche Cab, Marco Alexei"]
[Black "Tologon tegin, Semetei"]
[WhiteFideId "5116139"]
[BlackFideId "13800574"]
[WhiteElo "2004"]
[BlackElo "2372"]
[Result "0-1"]
[Round "06"]
[TimeControl "180+2"]
[Date "2022.12.20"]
[WhiteClock "0:00:01"]
[BlackClock "0:00:07"]

1. e4 e5 2. Nf3 Nc6 3. d4 exd4 4. Nxd4 Qf6 5. Nb3 Bd6 6. Nc3 Nge7 7. g3 a6 8. f4 Bb4 9. Bd2 Qe6 10. Qf3 d5 11. O-O-O dxe4 12. Nxe4 Bxd2+ 13. Rxd2 O-O 14. Bg2 Qg6 15. Re1 Bg4 16. Qf2 Rad8 17. h3 Rxd2 18. Nbxd2 Bc8 19. Nf3 h6 20. Nh4 Qe6 21. Nc3 Qf6 22. Nf3 Nf5 23. Nd5 Qd6 24. Ne5 Nxe5 25. fxe5 Qd8 26. g4 Ne7 27. Nf4 c6 28. Qe3 Qa5 29. a3 Be6 30. Be4 Nd5 31. Bxd5 Bxd5 32. Qd2 Qc5 33. Nxd5 cxd5 34. Kb1 Rd8 35. e6 fxe6 36. Rxe6 Qg1+ 37. Ka2 Qf1 38. Qe3 Qc4+ 39. Kb1 Rf8 40. Re8 Qf1+ 41. Ka2 Qf7 42. Rxf8+ Kxf8 43. Qd4 Qe6 44. c3 Kf7 45. Qf4+ Kg6 46. Qd4 Qc6 47. Qd3+ Kf7 48. Qf5+ Kg8 49. Qe5 Qc4+ 50. Ka1 Qf1+ 51. Ka2 Qf7 52. Kb1 Qd7 53. Ka1 Kh8 54. g5 hxg5 55. Qxg5 a5 56. h4 b5 57. h5 Qd6 58. Qf5 b4 59. axb4 axb4 60. cxb4 Qa6+ 61. Kb1 Qc4 62. Qf8+ Kh7 63. Qf5+ Kg8 64. Qe6+ Kf8 65. Qf5+ Ke7 66. Qe5+ Kf7 67. Qf5+ Ke8 68. Qg6+ Kf8 69. h6 Qf1+ 70. Ka2 Qc4+ 71. Kb1 Qf1+ 72. Ka2 Qa6+ 73. Kb3 Qxg6 0-1


[Site "https://www.chess.com"]

[Event "Titled Tuesday Blitz December 20 Early 2022"]
[White "ChadBiryani"]
[Black "Rapy, Francois"]
[BlackFideId "26041324"]
[WhiteElo "2454"]
[BlackElo "1642"]
[Result "1-0"]
[Round "06"]
[TimeControl "180+2"]
[Date "2022.12.20"]
[WhiteClock "0:00:09"]
[BlackClock "0:00:02"]

1. d4 Nf6 2. Bf4 e6 3. e3 d5 4. Nf3 Bd6 5. Ne5 O-O 6. g4 c5 7. c3 Qc7 8. Nd2 Nfd7 9. Nxd7 Nxd7 10. Bxd6 Qxd6 11. Bg2 e5 12. O-O f5 13. gxf5 exd4 14. cxd4 cxd4 15. Nb3 Rxf5 16. Nxd4 Rg5 17. f4 Rg6 18. Nb5 Qc5 19. Nd4 Nf6 20. Rc1 Qd6 21. Kh1 Rh6 22. Qb3 Ng4 23. Qxd5+ Qxd5 24. Bxd5+ Kf8 25. Rc3 Nxh2 26. Rfc1 Ng4+ 27. Kg1 Bd7 28. Rc7 Be8 29. Ne6+ Kg8 30. Rc8 Rxc8 31. Rxc8 Nxe3 32. Rxe8+ Kf7 33. Rf8+ Ke7 34. Rg8 Nxd5 35. Nxg7 Rg6+ 36. Kf2 Kf7 37. Rd8 1-0


[Site "https://www.chess.com"]

[Event "Titled Tuesday Blitz December 20 Early 2022"]
[White "Chesca, Alexandru"]
[Black "Volkov, Nikolay Nik."]
[WhiteFideId "1214438"]
[BlackFideId "4176626"]
[WhiteElo "1917"]
[BlackElo "2123"]
[Result "1-0"]
[Round "06"]
[TimeControl "180+2"]
[Date "2022.12.20"]
[WhiteClock "0:01:13"]
[BlackClock "0:00:13"]

1. Nf3 d6 2. d4 g6 3. e4 Nf6 4. Nc3 Bg7 5. Be2 O-O 6. O-O a6 7. a4 Nc6 8. h3 e5 9. Be3 exd4 10. Nxd4 Bd7 11. Qd2 Re8 12. Bd3 Nxd4 13. Bxd4 c5 14. Be3 Bc6 15. Bg5 Qd7 16. Rfe1 Re6 17. Bc4 Nxe4 18. Bxe6 Bxc3 19. Bxd7 Bxd2 20. Bxc6 Bxe1 21. Bxe4 Ba5 22. Rd1 Bc7 23. b3 Rb8 24. Bf6 b5 25. axb5 axb5 26. Bd5 Re8 27. Kf1 Ba5 28. g3 h5 29. Ra1 Bd2 30. Ra7 1-0


[Site "https://www.chess.com"]

[Event "Titled Tuesday Blitz December 20 Early 2022"]
[White "ChessShop"]
[Black "BENO_CHESS"]
[WhiteElo "2502"]
[BlackElo "2706"]
[Result "0-1"]
[Round "06"]
[TimeControl "180+2"]
[Date "2022.12.20"]
[WhiteClock "0:00:01"]
[BlackClock "0:00:55"]

1. d4 Nf6 2. Nf3 g6 3. Bg5 Bg7 4. Nbd2 O-O 5. e4 d6 6. c3 Nbd7 7. Bc4 c6 8. a4 d5 9. exd5 cxd5 10. Bd3 b6 11. O-O Bb7 12. Re1 Re8 13. h3 Qc7 14. Bh4 e6 15. Bg3 Qd8 16. Ne5 Nh5 17. Bh2 Nxe5 18. Bxe5 Bxe5 19. Rxe5 Ng7 20. Nf3 f6 21. Re2 Qd6 22. Qe1 Re7 23. a5 Rae8 24. axb6 axb6 25. Bb5 Bc6 26. Bxc6 Qxc6 27. Ra6 Qb5 28. Ra1 Kf7 29. g4 h6 30. h4 g5 31. hxg5 hxg5 32. Kg2 Rh8 33. Qd2 Qd7 34. Nh2 Rh4 35. f3 e5 36. dxe5 Ne6 37. Kh1 Nf4 38. e6+ Rxe6 39. Rxe6 Qxe6 40. Re1 Qd6 41. Qc2 Kg7 42. b4 Ng6 43. Ra1 Qg3 44. Qg2 Qe5 45. Ra7+ Kh6 46. Qd2 Qg3 47. Qg2 Qe1+ 48. Qg1 Qxc3 49. Qf1 Qb2 50. Qg2 Qb1+ 51. Qg1 Qxb4 52. Rb7 Ne5 53. Rxb6 Qf4 54. Rxf6+ Qxf6 0-1


[Site "https://www.chess.com"]

[Event "Titled Tuesday Blitz December 20 Early 2022"]
[White "ChessicallyInclined"]
[Black "Vesper, Horst"]
[BlackFideId "24677159"]
[WhiteElo "2693"]
[BlackElo "2028"]
[Result "0-1"]
[Round "06"]
[TimeControl "180+2"]
[Date "2022.12.20"]
[WhiteClock "0:00:06"]
[BlackClock "0:00:07"]

1. a3 Nf6 2. c4 e5 3. Nc3 d5 4. cxd5 Nxd5 5. g3 Nc6 6. Bg2 Be6 7. d3 Be7 8. Nf3 O-O 9. Bd2 f5 10. h4 Nxc3 11. Bxc3 Bf6 12. Qc2 Qd7 13. Ng5 Bxg5 14. hxg5 Bd5 15. e4 fxe4 16. dxe4 Be6 17. Rd1 Qf7 18. O-O Bb3 19. Qe2 Bxd1 20. Rxd1 Rad8 21. Rd5 Nd4 22. Qe3 Nf5 23. Qc5 b6 24. Qc4 Ne7 25. Qxc7 Nxd5 26. Qxf7+ Rxf7 27. exd5 Rf5 28. Bd2 Rf7 29. Bc3 Rdf8 30. Bxe5 Rxf2 31. Bc3 Rc2 32. Be4 Rc1+ 33. Kg2 Rd8 34. Be5 Kf7 35. Bf4 Re1 36. Bf3 Ke7 37. Kf2 Rb1 38. Be5 Kf7 39. Bc3 b5 40. Be4 Rd1 41. Ke2 Rg1 42. Kf2 Ra1 43. Bf3 Re8 44. d6 Rd8 45. Bd5+ Kg6 46. Be4+ Kxg5 47. Bd2+ Kg4 48. Bf4 g5 49. Be5 Kh3 50. Bf5+ g4 51. d7 Rd1 52. Bf6 R8xd7 53. Bxd7 Rxd7 54. Bh4 Rf7+ 55. Ke3 Rf3+ 56. Ke4 Rxg3 0-1


[Site "https://www.chess.com"]

[Event "Titled Tuesday Blitz December 20 Early 2022"]
[White "Chesstrainer1"]
[Black "Baskaran, Darza"]
[BlackFideId "29951232"]
[WhiteElo "2467"]
[BlackElo "2318"]
[Result "1-0"]
[Round "06"]
[TimeControl "180+2"]
[Date "2022.12.20"]
[WhiteClock "0:00:05"]
[BlackClock "0:00:05"]

1. e4 c5 2. Nf3 Nc6 3. Nc3 g6 4. d4 cxd4 5. Nxd4 Bg7 6. Nb3 d6 7. Be2 Nf6 8. O-O O-O 9. Be3 a5 10. a3 Ne5 11. h3 Be6 12. Nd4 Bc4 13. f4 Bxe2 14. Qxe2 Nc6 15. Rad1 Nh5 16. Nf5 Bxc3 17. bxc3 Ng7 18. Nh6+ Kh8 19. g4 e5 20. f5 Qh4 21. Kg2 g5 22. Rxd6 f6 23. Rb1 Qxh6 24. h4 Ne8 25. hxg5 Qg7 26. Re6 fxg5 27. Rh1 Rf6 28. Qd2 Rxe6 29. fxe6 Qg6 30. Qd5 Nf6 31. Qc4 Qxe4+ 32. Qxe4 Nxe4 33. Rb1 Re8 34. Rxb7 Rxe6 35. Rc7 Nxc3 36. Bxg5 e4 37. Bd2 Nd5 38. Rb7 e3 39. Be1 Nd4 40. c4 Nf4+ 41. Kg3 Nc2 42. Bc3+ Kg8 43. Kxf4 e2 44. Rg7+ Kf8 45. Rxh7 e1=Q 46. Bxe1 1-0


[Site "https://www.chess.com"]

[Event "Titled Tuesday Blitz December 20 Early 2022"]
[White "Coda, Carlos"]
[Black "Cuajada_Zero"]
[WhiteFideId "110329"]
[WhiteElo "1971"]
[BlackElo "2413"]
[Result "1-0"]
[Round "06"]
[TimeControl "180+2"]
[Date "2022.12.20"]
[WhiteClock "0:00:20"]
[BlackClock "0:00:02"]

1. e4 c6 2. c4 d5 3. cxd5 cxd5 4. exd5 Nf6 5. Nc3 Nxd5 6. Nf3 Nc6 7. Bc4 Nf6 8. O-O e6 9. d4 Be7 10. d5 exd5 11. Nxd5 Nxd5 12. Qxd5 Qxd5 13. Bxd5 O-O 14. Bxc6 bxc6 15. Be3 Bf6 16. Bd4 Bxd4 17. Nxd4 c5 18. Nb3 c4 19. Nd2 Be6 20. Rfc1 Rfc8 21. Rc2 Rab8 22. Rac1 g6 23. f3 Kg7 24. Kf2 Rd8 25. Ne4 Rb5 26. h4 Rdb8 27. Rb1 Ra5 28. b3 cxb3 29. axb3 Rxb3 30. Rxb3 Bxb3 31. Rc7 h6 32. g4 Bd5 33. Nc3 Be6 34. Ne4 Bd5 35. Nc3 Ba2 36. Kg3 Ra3 37. g5 hxg5 38. hxg5 a5 39. Kf4 Be6 40. Ke5 Ra1 41. Ne4 Bf5 42. Nf6 Re1+ 43. Kf4 Rb1 44. Ra7 Rb4+ 45. Kg3 Rb8 46. Rxa5 Be6 47. Ra7 Bb3 48. Ne4 Be6 49. Nc5 Bd5 50. Rc7 Rb5 51. Kf4 1-0


[Site "https://www.chess.com"]